Map: [ESL] Royal Blood

Players

HeroMarine - Winner!

  • Race: Terran Terran
  • Spawn Location: 1:00

Strange

  • Race: Protoss Protoss
  • Spawn Location: 7:00

Event: ESL SC2 Masters 2023 Summer (Regionals)

VOD

Have the link to the VOD?

Description

Time

  • Played on: May 12, 2023, 9:38 a.m.
  • Length: 13:56

All games in this series

Show
View Real Time Build Order
Export as new Build Order

HeroMarine Terran - Winner!

Build Orders:  

Get SALT Encoding   

  12  0:00  SCV  
  13  0:12  SCV  
  14  0:17  Supply Depot  
  14  0:24  SCV  
  15  0:38  SCV  
  15  0:39  Barracks  
  16  0:42  Refinery  
  16  0:50  SCV  
  16  0:52  Refinery  
  17  1:02  SCV  
  18  1:15  SCV  
  19  1:20  Supply Depot  
  19  1:26  Reaper  
  19  1:27  Orbital Command  
  20  1:43  Factory  
  20  1:52  SCV  
  21  1:58  Barracks Reactor  
  21  2:04  SCV  
  22  2:15  Command Center  
  22  2:18  SCV  
  23  2:27  Hellion  
  25  2:30  SCV  
  25  2:34  Reaper x2  
  28  2:37  Supply Depot  
  28  2:45  SCV  
  28  2:48  Hellion  
  31  2:58  SCV  
  31  3:00  Starport  
  32  3:06  Marine x2  
  32  3:10  SCV, Factory Tech Lab  
  35  3:23  SCV  
  35  3:24  Marine x2  
  39  3:35  SCV  
  39  3:40  Siege Tank  
  40  3:42  Starport Tech Lab  
  40  3:47  SCV  
  39  3:48  Marine x2  
  39  3:50  Orbital Command  
  39  3:53  Bunker  
  38  3:59  SCV  
  38  4:00  Raven  
  41  4:06  Marine x2  
  43  4:11  SCV, Supply Depot  
  43  4:12  Siege Tank  
  43  4:16  SCV  
  48  4:23  SCV  
  49  4:24  Marine x2  
  49  4:28  Barracks, SCV  
  52  4:35  SCV  
  53  4:40  SCV  
  53  4:41  Supply Depot  
  54  4:45  Engineering Bay  
  54  4:46  Marine x2  
  54  4:48  Barracks, SCV  
  54  4:52  SCV  
  58  4:55  Refinery  
  58  4:58  Siege Tank  
  61  5:01  SCV  
  61  5:04  SCV, Supply Depot  
  63  5:12  Marine x2  
  63  5:13  Terran Infantry Weapons Level 1, SCV  
  66  5:16  SCV  
  67  5:23  Stimpack, Marine  
  67  5:25  SCV  
  69  5:28  SCV  
  69  5:29  Marine x2, Refinery  
  69  5:30  Supply Depot  
  69  5:34  Starport Reactor  
  72  5:37  SCV  
  72  5:40  SCV, Factory Reactor  
  72  5:41  Marine  
  72  5:42  Combat Shield  
  75  5:43  Marine  
  75  5:47  Marine  
  75  5:49  SCV  
  77  5:52  Marine  
  77  5:53  SCV, Supply Depot  
  77  5:56  Supply Depot  
  79  5:59  Marauder  
  79  6:01  Marauder  
  79  6:02  SCV  
  84  6:05  SCV  
  84  6:06  Marine  
  84  6:09  Marine  
  86  6:14  Medivac x2  
  90  6:21  Marauder, Supply Depot  
  90  6:22  Widow Mine  
  90  6:23  Widow Mine, Marauder  
  90  6:24  Marine  
  99  6:27  Marine  
  99  6:28  Supply Depot  
  100  6:42  Marauder  
  100  6:43  Marine  
  100  6:44  Marauder  
  100  6:45  Marine  
  106  6:49  Medivac x2  
  106  6:52  Widow Mine x2  
  106  6:53  Command Center  
  114  6:57  Supply Depot  
  114  7:01  Concussive Shells  
  114  7:04  Supply Depot  
  114  7:05  Marauder  
  114  7:06  Marine x2  
  114  7:07  Terran Infantry Armor Level 1  
  118  7:19  Widow Mine, SCV x2, Marauder  
  123  7:26  Marauder  
  117  7:31  SCV x2  
  117  7:32  Marine x2  
  117  7:35  Widow Mine  
  106  7:40  Widow Mine, Marauder, Medivac x2  
  110  7:47  SCV  
  110  7:48  Marauder  
  110  7:49  Barracks x2, SCV  
  114  7:59  SCV  
  114  8:01  SCV  
  114  8:02  Marauder  
  120  8:07  Orbital Command  
  120  8:09  Marauder  
  120  8:11  SCV  
  120  8:17  SCV  
  120  8:22  Medivac x2  
  120  8:23  Marauder, SCV  
  123  8:28  Factory Tech Lab  
  123  8:29  SCV  
  123  8:31  Marauder  
  126  8:35  Marine x2, SCV  
  129  8:41  SCV  
  129  8:44  Marauder  
  129  8:47  Barracks Tech Lab  
  129  8:48  SCV  
  127  8:49  Armory, Siege Tank  
  127  8:51  Engineering Bay  
  127  8:52  Marauder  
  127  8:53  SCV  
  127  9:06  Marauder  
  127  9:08  Marauder  
  127  9:09  Marine x2, Viking x2  
  134  9:12  SCV x2  
  134  9:13  Marauder  
  134  9:15  Refinery  
  134  9:16  SCV  
  135  9:18  Bunker x2  
  135  9:23  Marine x2  
  135  9:24  Refinery  
  139  9:25  Siege Tank  
  139  9:27  Marine, Marauder  
  139  9:30  Marauder  
  148  9:35  Marauder  
  148  9:37  Command Center  
  147  9:39  Sensor Tower  
  147  9:40  Viking  
  149  9:47  Viking, Supply Depot  
  149  9:48  Marine x2  
  149  9:49  Marauder, Supply Depot  
  149  9:51  Marauder  
  157  9:57  Missile Turret  
  157  9:59  Supply Depot  
  157  10:01  Terran Infantry Armor Level 2  
  157  10:08  Terran Infantry Weapons Level 2  
  157  10:09  Marauder  
  157  10:10  Marauder  
  157  10:12  Marauder  
  157  10:13  Viking  
  165  10:18  Barracks, Viking  
  165  10:20  Barracks, SCV x2  
  167  10:21  Barracks  
  167  10:22  SCV  
  167  10:26  Marine x2  
  170  10:29  Marine x2  
  170  10:31  Marauder x2  
  170  10:32  Ghost Academy  
  170  10:34  Marauder, Terran Ship Weapons Level 1  
  178  10:41  Supply Depot  
  178  10:42  Supply Depot  
  178  10:44  Marine x2  
  178  10:46  Viking  
  178  10:48  Viking  
  184  10:59  Marine x2  
  184  11:01  Ghost x3  
  192  11:11  Barracks Reactor, Barracks Tech Lab  
  192  11:14  Marine x2  
  192  11:16  Marine  
  192  11:17  Refinery x2  
  195  11:20  Marine, Medivac x2  
  195  11:23  Missile Turret  
  200  11:26  Missile Turret  
  199  11:33  Planetary Fortress  
  185  11:50  Marauder x3, Viking x2  
  185  11:51  Ghost  
  185  11:52  Ghost  
  190  12:05  Marine, Command Center  
  190  12:06  Marine x3  
  194  12:09  Factory Reactor  
  194  12:10  Ghost  
  194  12:11  Starport  
  194  12:12  Ghost  
  198  12:22  Ghost  
  200  12:25  Missile Turret  
  200  12:42  Command Center  
  200  12:55  Marine x4, Marauder  
  192  12:58  Viking x2  
  192  12:59  Viking  
  192  13:00  Marine  
  192  13:01  Marine x2, Marauder x2  
  186  13:11  SCV x2  
  179  13:17  Orbital Command, Marauder  
  171  13:20  Marine x2  
  171  13:22  Marine x2  
  171  13:25  Marauder x2, SCV  
  167  13:28  SCV  
  167  13:31  Orbital Command  
  167  13:32  Marine  
  167  13:33  Marine  
  165  13:36  Marine  
Show
View Real Time Build Order
Export as new Build Order

Strange Protoss 

Build Orders: 1 Gate Expand, Double Forge, Colossus Rush 

Get SALT Encoding   

  12  0:00  Probe  
  13  0:12  Probe  
  14  0:17  Pylon  
  14  0:24  Probe  
  15  0:35  Gateway  
  15  0:36  Probe (Chrono Boost)  
  16  0:46  Probe (Chrono Boost), Assimilator  
  17  0:51  Probe (Chrono Boost)  
  18  1:03  Probe  
  19  1:15  Probe  
  20  1:23  Cybernetics Core  
  20  1:33  Nexus  
  20  1:40  Pylon  
  20  1:43  Probe  
  21  1:48  Assimilator  
  21  1:56  Probe  
  21  2:00  Stalker (Chrono Boost)  
  24  2:03  Warp Gate  
  24  2:08  Probe  
  25  2:20  Probe  
  25  2:22  Adept (Chrono Boost)  
  28  2:32  Probe  
  28  2:36  Shield Battery  
  29  2:40  Robotics Facility  
  29  2:45  Probe (Chrono Boost)  
  29  2:49  Probe (Chrono Boost)  
  31  2:52  Stalker  
  31  2:55  Probe (Chrono Boost)  
  31  2:58  Probe (Chrono Boost)  
  35  3:02  Probe  
  35  3:05  Gateway  
  36  3:09  Probe  
  37  3:14  Probe  
  37  3:16  Pylon  
  38  3:21  Probe  
  38  3:26  Probe  
  40  3:27  Observer (Chrono Boost)  
  40  3:33  Probe  
  42  3:39  Probe (Chrono Boost)  
  43  3:46  Probe (Chrono Boost)  
  40  3:55  Assimilator x2  
  42  3:57  Probe x2 (Chrono Boost), Observer  
  42  4:02  Probe (Chrono Boost), Forge  
  43  4:03  Probe (Chrono Boost), Forge  
  43  4:07  Robotics Bay  
  45  4:12  Probe  
  45  4:14  Pylon  
  45  4:15  Probe  
  47  4:24  Probe  
  47  4:25  Immortal (Chrono Boost)  
  47  4:27  Probe  
  53  4:31  Pylon  
  53  4:35  Protoss Ground Weapons Level 1 (Chrono Boost)  
  53  4:36  Probe  
  54  4:41  Probe  
  54  4:44  Protoss Ground Armor Level 1 (Chrono Boost)  
  54  4:45  Sentry  
  57  4:47  Pylon  
  57  4:48  Probe  
  58  5:00  Colossus (Chrono Boost)  
  58  5:03  Pylon  
  64  5:10  Extended Thermal Lance  
  64  5:14  Probe  
  65  5:26  Shield Battery  
  65  5:31  Nexus  
  65  5:32  Pylon  
  65  5:33  Probe x2  
  65  5:35  Sentry  
  69  5:40  Colossus (Chrono Boost)  
  75  5:52  Gateway  
  75  5:55  Observer  
  75  5:56  Gateway  
  75  6:02  Twilight Council  
  75  6:05  Probe x2  
  75  6:07  Shield Battery  
  77  6:11  Observer  
  77  6:17  Probe x2  
  79  6:21  Observer  
  79  6:25  Colossus  
  79  6:29  Probe, Pylon  
  79  6:30  Shield Battery  
  79  6:32  Pylon  
  86  6:34  Probe, Charge (Chrono Boost)  
  86  6:37  Zealot x2  
  91  6:41  Probe  
  91  6:46  Probe  
  93  6:47  Sentry  
  93  6:49  Probe  
  93  6:53  Probe  
  97  6:55  Protoss Ground Weapons Level 2 (Chrono Boost), Protoss Ground Armor Level 2 (Chrono Boost)  
  97  6:58  Probe  
  97  7:01  Probe  
  98  7:02  Photon Cannon  
  98  7:05  Probe  
  99  7:10  Probe  
  99  7:13  Probe  
  101  7:17  Zealot x4  
  103  7:25  Probe  
  92  7:34  Probe  
  92  7:35  Probe, Colossus (Chrono Boost)  
  84  7:37  Probe  
  84  7:43  Stalker x3  
  91  7:46  Probe  
  91  7:50  Probe, Pylon  
  93  7:57  Probe  
  92  8:08  Stalker x2  
  92  8:09  Pylon, Stalker  
  92  8:11  Probe x2  
  93  8:14  Probe  
  90  8:22  Shield Battery  
  90  8:23  Probe x2  
  90  8:24  Photon Cannon  
  90  8:25  Colossus  
  90  8:27  Probe  
  94  8:35  Probe x2  
  94  8:39  Probe  
  94  8:40  Zealot x4  
  96  8:47  Probe x2  
  97  8:51  Probe  
  97  8:52  Photon Cannon  
  98  8:59  Probe x2  
  98  9:00  Stalker x2  
  98  9:01  Zealot  
  106  9:03  Probe  
  106  9:11  Probe x2  
  106  9:15  Probe  
  106  9:16  Zealot  
  93  9:22  Sentry  
  93  9:23  Probe, Zealot x2  
  93  9:24  Probe  
  101  9:27  Probe  
  102  9:33  Colossus (Chrono Boost)  
  102  9:36  Probe x2  
  102  9:38  Protoss Ground Armor Level 3 (Chrono Boost), Protoss Ground Weapons Level 3 (Chrono Boost)  
  110  9:39  Probe  
  110  9:48  Probe  
  110  9:49  Sentry  
  110  9:50  Probe  
  115  9:55  Shield Battery  
  115  9:57  Zealot  
  117  10:02  Pylon  
  116  10:08  Pylon  
  116  10:11  Gateway  
  116  10:12  Gateway  
  116  10:15  Pylon  
  116  10:22  Colossus  
  116  10:28  Gateway  
  121  10:30  Gateway  
  121  10:31  Stalker  
  123  10:39  Templar Archives  
  123  10:41  Stalker  
  123  10:42  Pylon, Zealot  
  127  10:46  Assimilator  
  127  10:57  Zealot  
  127  11:02  Pylon  
  129  11:09  Pylon  
  129  11:12  Pylon, Zealot x2  
  129  11:17  Warp Prism (Chrono Boost)  
  133  11:24  High Templar  
  133  11:25  High Templar x2  
  141  11:26  Gateway  
  141  11:27  Gateway  
  141  11:28  High Templar  
  141  11:29  Zealot  
  141  11:30  Archon  
  143  11:34  Pylon  
  143  11:35  Archon  
  143  11:36  Pylon  
  129  11:51  Zealot x3  
  131  11:54  Immortal (Chrono Boost)  
  131  12:01  Zealot x3  
  135  12:03  Zealot  
  137  12:11  Gateway  
  137  12:12  High Templar x2, Zealot  
  143  12:21  High Templar x2  
  143  12:22  Zealot x2  
  151  12:23  Zealot x2  
  151  12:24  Archon  
  151  12:25  Archon  
  155  12:37  Pylon  
  155  12:39  Zealot x2  
  155  12:40  Zealot  
  156  12:59  High Templar x2  
  156  13:00  Zealot x2  
  156  13:05  Archon  
  128  13:26  Zealot x4  
  128  13:27  Zealot x3  
  133  13:44  Pylon  
  133  13:46  Pylon  
  133  13:47  Zealot x2  
Tags
 
Add a new tag
Caveats
  • Supply blocks, unpowered buildings, or Contaminate may cause inaccurate times.
  • Supply counts are checked every 10 seconds.